 Dungeon Crawl Stone Soup version 0.18.0-1-g0107ab7 (webtiles) character file.

73255 nikopol the Impaler (level 15, -2/138 HPs)
             Began as a Minotaur Berserker on May 5, 2016.
             Was the Champion of Trog.
             Splashed by an acid blob's acid (8 damage)
             ... on level 8 of the Lair of Beasts.
             The game lasted 01:24:33 (22587 turns).

nikopol the Impaler (Minotaur Berserker)           Turns: 22587, Time: 01:24:34

Health: -2/138     AC: 15    Str: 23    XL:     15   Next: 3%
Magic:  14/14      EV: 12    Int:  7    God:    Trog [******]
Gold:   1618       SH:  0    Dex: 12    Spells: 0 memorised, 14 levels left

rFire  . . .     SeeInvis .     U - +5 glaive (flame)
rCold  + . .     Gourm    +     Q - +3 plate armour {MR+}
rNeg   . . .     Faith    .     (shield currently unavailable)
rPois  .         Spirit   .     (helmet restricted)
rElec  .         Dismiss  .     B - +1 cloak
rCorr  .         Reflect  .     z - +0 pair of gloves
SustAt .         Harm     .     (no boots)
MR     +++..                    Y - amulet of the gourmand
Stlth  ..........               q - +4 ring of protection
                                M - ring "Caisealo" {+Fly rC+ MR+ Int+3 Dex-3}

@: exhausted, corroded, slowed, very slow, extremely resistant to hostile
enchantments, extremely unstealthy
A: retaliatory headbutt, horns 2
a: Berserk, Trog's Hand, Brothers in Arms, Burn Spellbooks, Renounce Religion,
Evoke Flight


You were on level 8 of the Lair of Beasts.
You worshipped Trog.
Trog was exalted by your worship.
You were very full.

You visited 2 branches of the dungeon, and saw 20 of its levels.
You also visited: Labyrinth, Sewer and Volcano.

You collected 1618 gold pieces.

Inventory:

Hand Weapons
 U - a +5 glaive of flaming (weapon)
Missiles
 i - 5 poisoned javelins (quivered)
Armour
 l - a +2 leather armour of cold resistance
 z - a +0 pair of gloves (worn)
 B - a +1 cloak (worn)
 Q - a +3 plate armour of magic resistance (worn)
Jewellery
 q - a +4 ring of protection (right hand)
 s - the ring "Peik" {SustAt +Inv Int+4}
   (You found it in a labyrinth)

   [ring of sustain attributes]

   It sustains your strength, intelligence and dexterity.
   It affects your intelligence (+4).
   It lets you turn invisible.
 y - an uncursed ring of see invisible
 M - the ring "Caisealo" (left hand) {+Fly rC+ MR+ Int+3 Dex-3}
   (You found it on level 6 of the Lair of Beasts)

   [ring of flight]

   It affects your intelligence (+3).
   It affects your dexterity (-3).
   It protects you from cold.
   It affects your resistance to hostile enchantments.
   It lets you fly.
 X - an uncursed ring of positive energy
 Y - an amulet of the gourmand (around neck)
Wands
 m - a wand of digging (22/24)
 p - a wand of acid (9/15)
 C - a wand of teleportation (0/9)
 H - a wand of acid (6/15)
 K - a wand of digging (14/24)
 L - a wand of lightning (8/15)
Scrolls
 d - 3 scrolls of blinking
 e - 3 scrolls of enchant armour
 g - a scroll of fear
 j - 2 scrolls of fog
 k - 2 scrolls of identify
 n - 2 scrolls of magic mapping
 v - 6 scrolls of teleportation
 w - 10 scrolls of remove curse
 D - a scroll of enchant weapon
 V - 4 scrolls of recharging
 W - a scroll of silence
 Z - 2 scrolls of holy word
Potions
 b - a potion of might
 f - 7 potions of curing
 h - a potion of cancellation
 o - 5 potions of agility
 r - 6 potions of heal wounds
 t - 4 potions of haste
 u - 5 potions of flight
 A - 7 potions of resistance
 G - 3 potions of brilliance
 I - a potion of invisibility {unknown}
 O - a potion of cure mutation {unknown}
Comestibles
 c - 8 bread rations
 x - 3 royal jellies
 E - 4 slices of pizza
 F - 25 fruits
 J - 2 beef jerkies
 T - 4 meat rations


   Skills:
 + Level 14.0 Fighting
 * Level 17.2 Polearms
 + Level 10.5 Throwing
 + Level 13.5 Armour
 + Level 12.6 Dodging


You had 14 spell levels left.
You didn't know any spells.

Dungeon Overview and Level Annotations

Branches:
Dungeon (12/15)            Temple (0/1) D:5            Lair (8/8) D:11
  Swamp (0/4) Lair:5       Spider (0/4) Lair:5        Slime (0/6) Lair:8
    Orc (0/2) D:10

Altars:
Ashenzari
Cheibriados
Elyvilon
Fedhas
Gozag
Makhleb
Nemelex Xobeh
Okawaru
Sif Muna
Trog
Vehumet
Jiyva

Shops:
D:9 (

Portals:
Hell: Lair:8
Trove: D:10 (give +8 demon trident)


Innate Abilities, Weirdness & Mutations

You reflexively headbutt those who attack you in melee.
You have a pair of horns on your head.


Message History

The acid blob spits acid at you. The splash of acid hits you!
The acid corrodes you!
The acid burns!
You slash the acid blob! You burn the acid blob.
Your hands burn!
The acid blob is lightly wounded.
The acid blob hits you!!
You are splashed with acid!
The acid corrodes you!
The acid burns!
The acid blob hits you!!
* * * LOW HITPOINT WARNING * * *
You are splashed with acid!
The acid corrodes you!
The acid burns!
* * * LOW HITPOINT WARNING * * *
You are too injured to fight recklessly!
You are too injured to fight recklessly!
You slice the acid blob!! You burn the acid blob. The acid corrodes you!
Your hands burn!
* * * LOW HITPOINT WARNING * * *
You headbutt the acid blob!
The acid blob is heavily wounded.
The acid blob hits you!
* * * LOW HITPOINT WARNING * * *
You are splashed with acid!
The acid burns!
You die...

**,*,,,,*,**,,,*,*,****
,,,,,,,.......,,*,,,*,*
,,,,,,,.......,,,,,,,,***
,,,,,,,.......#####,,,,,*
*,,,,,,.......#.>.#,...**
**,,,,,.......#...#...##**
,,,,,,,.......#JJ.#.....,* ***
,,,,,,,.......##J##......******,*
**,,,,,......††.@.....P.##,**,,,,
*,,**,,.P...##.....#P.....*,,,,,,
#P.##**#..,*,##...........,,,,,,,
.P..##*.,...####.P.......,*,,,,,*
..P#.#.....#..........[#,****,,,*
#PP#........#....#.#..##*****,*,*
...............##.....##**,*,*,*,
....(..........#.#.....#,,,,,,*,,
.....................#.#,,,,,,,,,


You could see 2 acid blobs and a slime creature.

Vanquished Creatures
  Nessos (Lair:5)
  2 dire elephants (Lair:8)
  A minotaur (Lab)
  A hell beast (Lair:8)
  An ice dragon (Lair:7)
  9 hydras
  A catoblepas (Lair:8)
  14 death yaks
  Nergalle (Lair:4)
  The ghost of Northaan the Conjurer, a novice DgWz (D:7)
  3 hill giants
  Pikel (D:7)
  A wizard (Lair:8)
  3 griffons (Lair:8)
  9 black mambas
  10 elephants
  An ice statue (Lair:6)
  Joseph (D:7)
  4 orange demons (Lair:8)
  9 spiny frogs
  A gargoyle (Lab)
  A torpor snail (Lair:4)
  2 rime drakes
  9 komodo dragons
  A hellwing (Lair:8)
  3 ice devils (Lair:8)
  The ghost of skk the Ruffian, a novice VSMo (D:5)
  A red devil (Lair:8)
  A polar bear (Lair:6)
  Grinder (D:4)
  41 blink frogs
  A boulder beetle (Lair:8)
  4 wyverns
  51 yaks
  14 killer bees
  4 basilisks
  5 hungry ghosts
  5 hippogriffs
  4 vampire mosquitoes (Lair:5)
  Edmund (D:4)
  2 hell hounds (Lair:8)
  19 water moccasins
  Duvessa (D:4)
  12 porcupines
  5 orc warriors
  2 ice beasts
  Purgy (Sewer)
  2 slaves (D:7)
  2 sky beasts
  3 phantoms
  2 black bears (D:8)
  A necrophage (D:8)
  7 ogres
  5 centaurs
  15 wolves
  16 crocodiles
  A big kobold (D:10)
  A wyvern zombie (D:10)
  19 giant frogs
  Dowan (D:4)
  An earth elemental (Lab)
  5 scorpions
  5 wights (D:7)
  2 giant frog zombies
  2 centaur zombies
  6 crimson imps
  2 jellies
  A quasit (D:11)
  6 orc priests
  4 hounds
  A gnoll shaman (D:8)
  11 orc wizards
  Crazy Yiuf (D:3)
  3 centaur skeletons
  3 giant frog skeletons
  Ijyb (D:2)
  Natasha (thrice) (D:3)
  6 iguanas
  4 worker ants
  17 sheep
  3 hound zombies (D:4)
  3 worker ant zombies
  A howler monkey zombie (D:4)
  12 gnolls
  16 adders
  A howler monkey skeleton (D:4)
  88 river rats
  3 shadow imps
  3 white imps (Lair:7)
  An adder zombie (D:4)
  2 adder skeletons
  5 worms
  2 dart slugs (D:1)
  2 giant geckos
  25 orcs
  6 ball pythons
  6 bats
  9 giant cockroaches
  7 goblins
  6 hobgoblins
  10 jackals
  12 kobolds
  9 quokkas
  A ball python zombie (D:4)
  A giant gecko zombie (D:4)
  8 giant newts
  A jackal skeleton (D:4)
  A quokka skeleton (D:8)
  A quokka zombie (D:4)
  6 rats
  5 fungi
  2 plants
684 creatures vanquished.

Vanquished Creatures (others)
  A slave (D:7)
  An orc wizard (D:10)
  2 worms (Lair:5)
  A giant gecko (D:7)
  An orc (D:7)
  A bush (Lair:8)
  16 fungi
  15 plants
  5 toadstools (D:1)
43 creatures vanquished.

Grand Total: 727 creatures vanquished

Notes
Turn   | Place    | Note
--------------------------------------------------------------
     0 | D:1      | nikopol the Minotaur Berserker began the quest for the Orb.
     0 | D:1      | Reached XP level 1. HP: 19/19 MP: 0/0
    72 | D:1      | Reached XP level 2. HP: 27/27 MP: 1/1
   498 | D:1      | Reached ** piety under Trog
   501 | D:1      | Reached XP level 3. HP: 26/33 MP: 2/2
   607 | D:1      | Reached skill level 4 in Polearms
   675 | D:2      | Noticed Ijyb
   721 | D:2      | Killed Ijyb
   721 | D:2      | Reached XP level 4. HP: 25/41 MP: 1/3
  1496 | D:3      | Found a blossoming altar of Fedhas.
  1558 | D:3      | Found a glowing drain.
  1566 | D:3      | Reached XP level 5. HP: 47/47 MP: 4/4
  1592 | Sewer    | Entered a sewer
  1635 | Sewer    | Reached *** piety under Trog
  1704 | Sewer    | Noticed Purgy
  1713 | Sewer    | Killed Purgy
  1713 | Sewer    | Reached skill level 5 in Fighting
  1713 | Sewer    | Reached skill level 5 in Polearms
  1895 | D:3      | Reached XP level 6. HP: 56/56 MP: 5/5
  1938 | D:3      | Found a snail-covered altar of Cheibriados.
  1955 | D:3      | Noticed Natasha
  1963 | D:3      | Killed Natasha
  2013 | D:3      | Noticed Natasha
  2017 | D:3      | Killed Natasha
  2137 | D:3      | Noticed Crazy Yiuf
  2144 | D:3      | Killed Crazy Yiuf
  2269 | D:3      | Noticed Natasha
  2274 | D:3      | Killed Natasha
  2448 | D:4      | Noticed Edmund
  2465 | D:4      | Killed Edmund
  2465 | D:4      | Reached XP level 7. HP: 47/62 MP: 6/6
  2483 | D:4      | Reached skill level 5 in Dodging
  2511 | D:4      | Reached skill level 5 in Armour
  2551 | D:4      | Found a sparkling altar of Nemelex Xobeh.
  2556 | D:4      | Noticed Dowan
  2558 | D:4      | Noticed Duvessa
  2559 | D:4      | Reached skill level 6 in Polearms
  2571 | D:4      | Killed Duvessa
  2576 | D:4      | Killed Dowan
  2576 | D:4      | Reached **** piety under Trog
  2799 | D:4      | Reached XP level 8. HP: 68/71 MP: 7/7
  2859 | D:4      | Noticed Grinder
  2860 | D:4      | Paralysed by Grinder for 6 turns
  2877 | D:4      | Paralysed by Grinder for 4 turns
  2900 | D:4      | Killed Grinder
  2964 | D:4      | Reached skill level 7 in Polearms
  3311 | D:4      | Found a shattered altar of Ashenzari.
  3368 | D:4      | Reached skill level 1 in Throwing
  3435 | D:5      | Entered Level 5 of the Dungeon
  3441 | D:5      | Noticed skk's ghost (novice VSMo)
  3464 | D:5      | Killed skk's ghost
  3698 | D:5      | Reached skill level 8 in Polearms
  3852 | D:5      | Reached XP level 9. HP: 67/80 MP: 8/8
  4185 | D:5      | Found a staircase to the Ecumenical Temple.
  4813 | D:6      | Found an opulent altar of Gozag.
  5006 | D:7      | Found a bloodstained altar of Trog.
  5006 | D:7      | Found an iron altar of Okawaru.
  5037 | D:7      | Found an iron altar of Okawaru.
  5059 | D:7      | Reached skill level 9 in Polearms
  5088 | D:7      | Noticed Pikel
  5111 | D:7      | Killed Pikel
  5187 | D:7      | Noticed Northaan's ghost (novice DgWz)
  5237 | D:7      | Killed Northaan's ghost
  5237 | D:7      | Reached skill level 10 in Polearms
  5237 | D:7      | Reached XP level 10. HP: 90/90 MP: 9/9
  5668 | D:7      | Found a deep blue altar of Sif Muna.
  5856 | D:7      | Noticed Joseph
  5882 | D:7      | Killed Joseph
  6432 | D:8      | Found a radiant altar of Vehumet.
  6434 | D:8      | Found a burning altar of Makhleb.
  6435 | D:8      | Found a white marble altar of Elyvilon.
  7043 | D:9      | Reached skill level 5 in Throwing
  7053 | D:9      | Received a gift from Trog
  7071 | D:9      | Reached skill level 11 in Polearms
  7519 | D:9      | Reached ***** piety under Trog
  7756 | D:9      | Found Yghedill's Weapon Boutique.
  8177 | D:10     | Entered Level 10 of the Dungeon
  8587 | D:10     | Found a portal to a secret trove of treasure.
  8730 | D:10     | Received a gift from Trog
  8738 | D:10     | Reached XP level 11. HP: 99/99 MP: 10/10
  9323 | D:10     | Noticed a hill giant
  9335 | D:10     | Killed a hill giant
  9445 | D:10     | Found a staircase to the Orcish Mines.
  9472 | D:10     | Received a gift from Trog
  9979 | D:11     | Reached skill level 12 in Polearms
 10040 | D:11     | Noticed a hill giant
 10055 | D:11     | Killed a hill giant
 10055 | D:11     | Received a gift from Trog
 10055 | D:11     | Reached skill level 10 in Fighting
 10089 | D:11     | Noticed a hill giant
 10103 | D:11     | Killed a hill giant
 10453 | D:11     | Noticed a six-headed hydra
 10463 | D:11     | Killed a six-headed hydra
 10489 | D:11     | Noticed a five-headed hydra
 10561 | D:11     | Killed a five-headed hydra
 10561 | D:11     | Reached skill level 10 in Armour
 10702 | D:11     | Found a staircase to the Lair.
 11091 | Lair:1   | Entered Level 1 of the Lair of Beasts
 11305 | Lair:1   | Reached skill level 13 in Polearms
 11625 | Lair:1   | Reached XP level 12. HP: 108/108 MP: 11/11
 12140 | Lair:1   | Reached skill level 10 in Dodging
 12741 | Lair:2   | Found a labyrinth entrance.
 12750 | Lab      | Entered a labyrinth
 12810 | Lab      | Got a twitching copper ring
 12860 | Lab      | Identified the ring "Peik" {SustAt +Inv Int+4} (You found it in a labyrinth)
 13175 | Lab      | Noticed a minotaur
 13181 | Lab      | Killed a minotaur
 13281 | Lair:2   | Found a deep blue altar of Sif Muna.
 13448 | Lair:2   | Received a gift from Trog
 14252 | Lair:3   | Reached skill level 14 in Polearms
 14465 | Lair:3   | Noticed a death yak
 14465 | Lair:3   | Noticed a death yak
 14476 | Lair:2   | Killed a death yak
 14476 | Lair:2   | HP: 5/165 [death yak (11)]
 14479 | Lair:2   | HP: 1/165 [death yak (5)]
 14480 | Lair:2   | Killed a death yak
 14943 | Lair:3   | Noticed a death yak
 14946 | Lair:3   | Noticed a death yak
 14947 | Lair:3   | Noticed a death yak
 14948 | Lair:3   | Killed a death yak
 14952 | Lair:3   | Killed a death yak
 14956 | Lair:3   | Killed a death yak
 14976 | Lair:3   | Reached XP level 13. HP: 96/117 MP: 7/12
 15429 | Lair:3   | Received a gift from Trog
 15768 | Lair:4   | Noticed Nergalle
 15781 | Lair:4   | Killed Nergalle
 15781 | Lair:4   | Received a gift from Trog
 16191 | Lair:4   | Received a gift from Trog
 16208 | Lair:4   | Reached skill level 15 in Polearms
 16886 | Lair:5   | Noticed Nessos
 17346 | Lair:5   | Killed Nessos
 17369 | Lair:5   | Found a hole to the Spider Nest.
 17552 | Lair:5   | Reached ****** piety under Trog
 17744 | Lair:5   | Found a staircase to the Swamp.
 18582 | Lair:6   | Received a gift from Trog
 19035 | Lair:6   | Reached XP level 14. HP: 127/127 MP: 13/13
 19384 | Lair:6   | Got a transparent silver ring
 19575 | Lair:6   | Received a gift from Trog
 19595 | Lair:6   | Identified the ring "Caisealo" {+Fly rC+ MR+ Int+3 Dex-3} (You found it on level 6 of the Lair of Beasts)
 19907 | Lair:7   | Reached skill level 16 in Polearms
 20951 | Lair:8   | Entered Level 8 of the Lair of Beasts
 20953 | Lair:8   | Found a white marble altar of Elyvilon.
 21032 | Lair:8   | Reached skill level 10 in Throwing
 21076 | Lair:8   | Found a dark tunnel.
 21109 | Volcano  | Entered a volcano
 21527 | Lair:8   | Received a gift from Trog
 22306 | Lair:8   | Found a burning altar of Makhleb.
 22323 | Lair:8   | Reached skill level 17 in Polearms
 22449 | Lair:8   | Found a gateway to Hell.
 22552 | Lair:8   | Found a runed door.
 22553 | Lair:8   | Noticed an acid blob
 22554 | Lair:8   | Noticed an acid blob
 22556 | Lair:8   | Found a viscous altar of Jiyva.
 22556 | Lair:8   | Found a staircase to the Slime Pits.
 22573 | Lair:8   | Reached XP level 15. HP: 138/138 MP: 14/14
 22587 | Lair:8   | HP: 6/138 [acid blob (10)]
 22587 | Lair:8   | Splashed by an acid blob's acid

Skill      XL: |  1  2  3  4  5  6  7  8  9 10 11 12 13 14 |
---------------+-------------------------------------------+-----
Fighting       | 4 5 6 7 8 9 10 11 12 14 | 14.0
Polearms       | 4 5 6 8 10 11 13 14 15 17 | 17.2
Armour         | 3 4 5 6 7 9 10 11 12 13 | 13.5
Dodging        | 3 4 5 6 7 8 9 10 11 12 | 12.6
Throwing       | 2 4 5 7 8 9 10 | 10.5

Action                   |  1- 3 |  4- 6 |  7- 9 | 10-12 | 13-15 || total
-------------------------+-------+-------+-------+-------+-------++-------
Melee: Spear             |    84 |   197 |   432 |  1153 |     7 ||  1873
       Headbutt          |    11 |    29 |    87 |   251 |   170 ||   548
       Glaive            |       |       |       |    39 |   819 ||   858
Throw: Tomahawk          |       |       |    11 |     7 |       ||    18
       Javelin           |       |       |       |    93 |    21 ||   114
Invok: Berserk           |       |     3 |     5 |    11 |     6 ||    25
       Burn Spellbooks   |       |       |       |     3 |     3 ||     6
       Trog's Hand       |       |       |       |       |     2 ||     2
 Abil: Evoke Flight      |       |       |       |       |     2 ||     2
       Stop Flying       |       |       |       |       |     1 ||     1
Evoke: Wand              |       |       |       |       |     1 ||     1
  Use: Scroll            |       |     8 |       |    24 |    10 ||    42
       Potion            |       |       |       |       |     3 ||     3
 Stab: Distracted        |     1 |       |       |       |       ||     1
       Sleeping          |       |       |       |     1 |       ||     1
  Eat: Chunk             |       |     8 |     9 |    66 |    31 ||   114
       Meat ration       |       |       |     1 |       |       ||     1
Armor: Animal skin       |     6 |       |       |       |       ||     6
       Scale mail        |    21 |       |       |       |       ||    21
       Leather armour    |       |    34 |    78 |   135 |       ||   247
       Plate armour      |       |       |       |     9 |   496 ||   505
Dodge: Dodged            |    13 |    80 |   173 |   417 |   499 ||  1182
